 Dungeon Crawl Stone Soup version 0.30-a0-800-g7c544603b3 (webtiles) character file.

Game seed: 14230821658805542665

17 Aneyh the Caller (level 2, 0/15 HPs)
             Began as a Tengu Summoner on Feb 22, 2023.
             Slain by a ball python (2 damage)
             ... on level 1 of the Dungeon.
             The game lasted 00:01:35 (231 turns).

Aneyh the Caller (Tengu Summoner)                    Turns: 231, Time: 00:01:36

Health: 0/15       AC:  2    Str:  8    XL:     2   Next: 62%
Magic:  1/6        EV:  9    Int: 15    God:
Gold:   10         SH:  0    Dex: 14    Spells: 4/5 levels left

rFire   . . .      SeeInvis .    (no weapon)
rCold   . . .      Faith    .    (no shield)
rNeg    . . .      Spirit   .    a - +0 robe
rPois   .          Reflect  .    (helmet restricted)
rElec   .          Harm     .    (no cloak)
rCorr   .          Rampage  .    (no gloves)
Will    .....                    (boots unavailable)
Stlth   ++                       (no amulet)
HPRegen 0.22/turn                (no ring)
MPRegen 0.10/turn                (no ring)

@: constricted
A: beak, talons 3
a: no special abilities


You were on level 1 of the Dungeon.
You visited 1 branch of the dungeon, and saw 1 of its levels.

You collected 10 gold pieces.

Inventory:

Armour
 a - a +0 robe (worn)
Potions
 b - a potion of magic
 c - a potion of heal wounds {unknown}


   Skills:
 + Level 2.3 Dodging
 - Level 2.0 Stealth
 - Level 2.0 Spellcasting
 + Level 5.6 Summonings


You had 4 spell levels left.
You knew the following spells:

 Your Spells              Type           Power      Damage    Failure   Level
a - Summon Small Mammal   Summ           72%        N/A       2%          1

Your spell library contained the following spells:

 Spells                   Type           Power      Damage    Failure   Level
 Call Imp                 Summ           18%        N/A       3%          2
 Call Canine Familiar     Summ           18%        N/A       7%          3
 Summon Guardian Golem    Hex/Summ       9%         N/A       22%         3
 Summon Lightning Spire   Summ/Air       9%         N/A       56%         4


Dungeon Overview and Level Annotations

Branches:
Dungeon (1/15)

Altars:


Innate Abilities, Weirdness & Mutations

You have a beak for a mouth.
You have claws for feet.


Message History

The jackal misses you. The jackal closely misses your bat.
Your bat hits the jackal but does no damage.
Your bat misses the jackal. The rat bites your bat.
You hit the jackal. You claw the jackal.
You kill the jackal!
Your bat misses the rat. The rat bites your bat.
Your bat barely misses the ball python.
You barely miss the jackal. Your kick misses the jackal.
You peck the jackal, but do no damage.
The jackal is lightly wounded.
Your bat misses the ball python. The jackal barely misses you.
Your bat misses the ball python. You closely miss the jackal.
Your kick misses the jackal.
The jackal is lightly wounded.
Your bat disappears in a puff of smoke!
Your bat barely misses the ball python.
The jackal bites you. The ball python bites your bat.
Your bat dies!
Your bat's corpse disappears in a puff of smoke!
The jackal bites you but does no damage.
You are too injured to fight recklessly!
You are too injured to fight recklessly!
Casting: Summon Small Mammal (safe; 2% risk of failure)
Confirm with . or Enter, or press ? or * to list all spells.
The jackal barely misses you.
You barely miss the jackal. You peck the jackal, but do no damage.
The jackal is lightly wounded.
The jackal misses you. The ball python closely misses you.
The ball python grabs you. The ball python constricts you.
Your quokka closely misses the jackal.
The jackal bites you but does no damage.
Casting: Summon Small Mammal (safe; 2% risk of failure)
Confirm with . or Enter, or press ? or * to list all spells.
The ball python bites you.
* * * LOW HITPOINT WARNING * * *
The ball python constricts you.
* * * LOW HITPOINT WARNING * * *
The jackal barely misses you.
Your quokka bites the jackal.
The ball python bites you.
You die...

.##. ... #.# #.### # .#
###...# #.# .. ...# #...#.##
#.## #..###..§####.###..# #...
...###...rS.##..## #...
...####rh@...## #...
#..#.#†##..r##...†## #...
#.........#.#####..########...
...#..#.###.# ##............
## #...#.# #######......
#.....# #########..##...
+...#.###.........###...
#.#....##......#### #...
#.##...........# ###.


You could see a jackal (ally target), a ball python, a rat (ally target) and 2
friendly quokkas.

Vanquished Creatures
  A dart slug (D:1)
  2 giant cockroaches (D:1)
  2 hobgoblins (D:1)
  3 jackals (D:1)
  A ball python (D:1)
  A kobold (D:1)
  A rat (D:1)
11 creatures vanquished.

Vanquished Creatures (collateral kills)
  An endoplasm (D:1)
  A goblin (D:1)
2 creatures vanquished.

Grand Total: 13 creatures vanquished

Notes
Turn   | Place    | Note
-------+----------+-------------------------------------------
     0 | D:1      | Aneyh the Tengu Summoner began the quest for the Orb.
     0 | D:1      | Reached XP level 1. HP: 10/10 MP: 4/4
    72 | D:1      | Reached skill level 5 in Summonings
   120 | D:1      | Reached XP level 2. HP: 9/15 MP: 6/6
   231 | D:1      | Slain by a ball python

Illustrated notes

Levels and vault maps discovered:
D:1:      dpeg_arrival_connections, layout_rooms, serial_shops,
          nicolae_shop_hallway_stairs, supply_closet_lemuel

Skill      XL: |  1 |
---------------+----+-----
Summonings     | 5 |  5.6
Dodging        | |  2.3
Stealth        | |  2.0
Spellcasting   | |  2.0

Action                     || total
---------------------------++-------
  Melee: Unarmed           ||    41
         Kick              ||    15
         Peck              ||     9
   Cast: Summon Small Mamm ||     9
   Stab: Sleeping          ||     2
 Armour: Robe              ||    16
  Dodge: Dodged            ||    43

Table legend: (Time is in decaauts)
 A = Elapsed time spent in this place.
 B = Non-inter-level travel time spent in this place.
 C = Inter-level travel time spent in this place.
 D = Time resting spent in this place.
 E = Time spent auto-exploring this place.
 F = Levels seen in this place.
 G = Mean time per level.
                   A        B        C        D        E       F      G
               +--------+--------+--------+--------+--------+-----+--------+
         Total |    231 |    231 |      0 |     26 |    106 |   1 |  231.0 |
       Dungeon |    231 |    231 |      0 |     26 |    106 |   1 |  231.0 |
               +--------+--------+--------+--------+--------+-----+--------+

Top non-repeatable levels by time:
     D:1: 231 daAuts
